 Dungeon Crawl Stone Soup version 0.29-a0-451-gfbfa42419e (webtiles) character file.

Game seed: 4525487428312216252

838 Bruhh the Grappler (level 7, -26/66 HPs)
             Began as a Troll Fighter on May 19, 2022.
             Annihilated by an ogre
             ... wielding a +0 giant club
              (29 damage)
             ... on level 5 of the Dungeon.
             The game lasted 00:03:30 (3081 turns).

Bruhh the Grappler (Troll Fighter)                  Turns: 3081, Time: 00:03:30

Health: -26/66     AC:  4    Str: 22 (25) XL:     7   Next: 67%
Magic:  0/6        EV:  8    Int:  5 (6)  God:
Gold:   221        SH:  7    Dex:  8 (9)  Spells: 6/6 levels left

rFire   . . .      SeeInvis .     - Unarmed
rCold   . . .      Faith    .   b - +0 kite shield
rNeg    . . .      Spirit   +   a - +0 robe
rPois   .          Reflect  .   (helmet restricted)
rElec   .          Harm     .   (no cloak)
rCorr   .          Rampage  .   (gloves unavailable)
Will    .....                   (boots unavailable)
Stlth   +.........              j - amulet of guardian spirit
HPRegen 1.01/turn               (no ring)
MPRegen 0.10/turn               (no ring)

@: no status effects
A: large, unfitting armour, claws 3, regeneration 1, shaggy fur 1, tough skin 1
a: no special abilities


You were on level 5 of the Dungeon.
You visited 1 branch of the dungeon, and saw 5 of its levels.

You collected 221 gold pieces.

Inventory:

Missiles
 m - 4 atropa-tipped darts (quivered)
 n - 3 javelins
Armour
 a - a +0 robe (worn)
 b - a +0 kite shield (worn)
Jewellery
 j - an amulet of guardian spirit (around neck)
 o - a ring of ice
 s - a ring of ice
 v - a ring of fire
Scrolls
 f - a scroll of brand weapon {unknown}
 h - 5 scrolls of identify {unknown}
 i - a scroll of enchant armour {unknown}
 p - 3 scrolls of poison {unknown}
 r - 2 scrolls of amnesia {unknown}
 t - a scroll of teleportation {unknown}
 u - a scroll of fear {unknown}
 w - a scroll of immolation {unknown}
 y - a scroll of enchant weapon {unknown}
 A - a scroll of vulnerability {unknown}
 B - a scroll of blinking {unknown}
Potions
 c - a potion of might
 d - 2 potions of degeneration
 e - a potion of heal wounds {unknown}
 g - 2 potions of curing {unknown}
 k - a potion of brilliance {unknown}
 l - 4 potions of attraction {unknown}
 q - 3 potions of ambrosia {unknown}
 x - 3 potions of berserk rage {unknown}
 z - 2 potions of mutation {unknown}


   Skills:
 - Level 2.4 Fighting
 - Level 2.4 Dodging
 - Level 2.6 Shields
 + Level 9.0 Unarmed Combat


You had 6 spell levels left.
You didn't know any spells.
Your spell library contained the following spells:

 Spells                   Type           Power      Damage    Failure   Level
 Sandblast                Erth           0%         2d4       78%         1
 Passwall                 Tmut/Erth      0%         N/A       89%         2
 Poisonous Vapours        Pois/Air       0%         N/A       89%         2
 Stone Arrow              Conj/Erth      0%         3d7       98%         3
 Animate Armour           Summ/Erth      0%         N/A       100%        4
 Corpse Rot               Necr/Pois/Air  0%         N/A       100%        4
 Summon Forest            Summ/Tloc      0%         N/A       100%        5
 Eringya's Noxious Bog    Tmut/Pois      0%         N/A       100%        6
 Summon Hydra             Summ           0%         N/A       100%        7
 Lehudib's Crystal Spear  Conj/Erth      0%         10d2      100%        8


Dungeon Overview and Level Annotations

Branches:
Dungeon (5/15)
 Temple: D:4-7

Altars:

Shops:
D:5 [


Innate Abilities, Weirdness & Mutations

You are too large for most types of armour.
You have claws for hands.
Your natural rate of healing is unusually fast.
You are covered in fur. (AC +1)
You have tough skin. (AC +1)


Message History

You kill the orc wizard!
You barely miss the orc. The orc barely misses you.
The orc priest mumbles some strange prayers to Beogh against you.
Beogh smites you!
You mangle the orc priest!!
You kill the orc priest!
The orc hits you with a +0 hand axe.
Your Unarmed Combat skill increases to level 9!
Unknown command.
You scratch the orc.
You kill the orc!
The orc priest casts a cantrip, but nothing happens.
Something hits you but does no damage.
You closely miss something. Something hits you.
You barely miss something.
You hear some strange, mumbled words.
Something tries to affect you, but you resist.
The orc priest begins to cast a cantrip, but forgets the words!
Unknown command.
You miss something. The ogre barely misses you.
The orc hits you with a +0 flail. Something hits you.
You are electrocuted!
Things that are here:
a +0 hand axe; a +0 scale mail Unknown command.
You barely miss the ogre. The orc barely misses you.
Something hits you but does no damage.
You barely miss the ogre.
The ogre hits you with a +0 giant club!!
* * * LOW HITPOINT WARNING * * *
Something hits you.
* * * LOW HITPOINT WARNING * * *
You are electrocuted!
* * * LOW HITPOINT WARNING * * *
You block the orc's attack.
It was a potion of degeneration.
There was something very wrong with that liquid.
You feel weakened.
You feel dopey.
You feel clumsy.
The ogre hits you with a +0 giant club!!
You die...

# .. ##. ..
#.###.##. .#.# #
#........ #
...#. .......
#.. .... #oo..
#..##.!# #Oo#
...#..######@#
#....##....{# ..
#.##.......## .
#.#.....$#.....#
#.
#.......###...##
.. ##.......#
...#
.#####..##...##
.....
.##....###...#
.##... .....###
...... ## ###


You could see an ogre, an orc priest and 2 orcs.

Vanquished Creatures
  Grinder (D:4)
  An ice beast (D:5)
  An ogre (D:4)
  A scorpion (D:5)
  An orc priest (D:5)
  3 iguanas
  4 orc wizards (D:5)
  4 gnolls
  6 adders
  4 worms
  6 dart slugs
  8 orcs
  5 bats
  8 endoplasms
  A giant cockroach (D:4)
  4 goblins
  7 hobgoblins
  4 quokkas
  3 ball pythons
  2 frilled lizards
  7 kobolds
  2 rats
83 creatures vanquished.

Vanquished Creatures (others)
  4 plants (D:1)
4 creatures vanquished.

Grand Total: 87 creatures vanquished

Notes
Turn   | Place    | Note
-------+----------+-------------------------------------------
     0 | D:1      | Bruhh the Troll Fighter began the quest for the Orb.
     0 | D:1      | Reached XP level 1. HP: 22/22 MP: 0/0
    13 | D:1      | Found a faded altar of an unknown god.
    77 | D:1      | Reached XP level 2. HP: 29/29 MP: 1/1
   139 | D:1      | Reached skill level 3 in Unarmed Combat
   678 | D:2      | Reached XP level 3. HP: 35/36 MP: 2/2
   911 | D:2      | Reached skill level 4 in Unarmed Combat
  1066 | D:3      | Reached XP level 4. HP: 33/44 MP: 1/3
  1673 | D:3      | Reached skill level 5 in Unarmed Combat
  1719 | D:3      | Reached XP level 5. HP: 46/50 MP: 4/4
  2447 | D:4      | Noticed Grinder
  2460 | D:4      | Killed Grinder
  2461 | D:4      | Reached skill level 6 in Unarmed Combat
  2461 | D:4      | Reached XP level 6. HP: 45/59 MP: 3/5
  2505 | D:4      | Reached skill level 7 in Unarmed Combat
  2843 | D:5      | Entered Level 5 of the Dungeon
  2844 | D:5      | Found Itocuz's Armour Emporium.
  2854 | D:5      | Reached XP level 7. HP: 66/66 MP: 3/6
  2930 | D:5      | Reached skill level 8 in Unarmed Combat
  3074 | D:5      | Reached skill level 9 in Unarmed Combat
  3080 | D:5      | HP: 2/66 [something (8)]
  3081 | D:5      | Annihilated by an ogre

Illustrated notes

Levels and vault maps discovered:
D:1:      dpeg_arrival_rhombus, layout_basic, serial_forest,
          infiniplex_forest_side_room, infiniplex_forest_straight_4,
          infiniplex_forest_lined_3, infiniplex_forest_clump_long,
          infiniplex_forest_straight_2, infiniplex_forest_clump_small,
          infiniplex_forest_lined_room_2, infiniplex_forest_end_2,
          infiniplex_forest_end_1, infiniplex_forest_clump_tiny,
          ebering_ecumenical_altar_ruins, serial_bayou_pond_a,
          minmay_tetromino_o4
D:2:      layout_basic, grunt_ministairs_9
D:3:      layout_loops_ring, dreamdust_princess_corridor
D:4:      layout_loops_ring, patterned_corridor, uniq_grinder
D:5:      layout_cave_pools, minmay_temple_entry_antechambers, serial_shops,
          nicolae_shop_stone

Skill      XL: |  1  2  3  4  5  6  7 |
---------------+----------------------+-----
Unarmed Combat | 3 4 5 6 7 9 |  9.0
Fighting       | |  2.4
Dodging        | |  2.4
Shields        | |  2.6

Action                   |  1- 3 |  4- 6 |  7- 9 || total
-------------------------+-------+-------+-------++-------
Melee: Unarmed           |    89 |    78 |    37 ||   204
  Use: Potion            |       |       |     1 ||     1
 Stab: Sleeping          |     2 |       |       ||     2
Armor: Robe              |    33 |     9 |     8 ||    50
Dodge: Dodged            |    27 |    15 |     9 ||    51
Block: Kite shield       |    34 |    25 |    10 ||    69

Table legend: (Time is in decaauts)
 A = Elapsed time spent in this place.
 B = Non-inter-level travel time spent in this place.
 C = Inter-level travel time spent in this place.
 D = Time resting spent in this place.
 E = Time spent auto-exploring this place.
 F = Levels seen in this place.
 G = Mean time per level.
                   A        B        C        D        E       F      G
               +--------+--------+--------+--------+--------+-----+--------+
         Total |   3089 |   2989 |    100 |     45 |   2373 |   5 |  617.8 |
       Dungeon |   3089 |   2989 |    100 |     45 |   2373 |   5 |  617.8 |
               +--------+--------+--------+--------+--------+-----+--------+

Top non-repeatable levels by time:
     D:3: 825 daAuts
     D:4: 777 daAuts
     D:1: 666 daAuts
     D:2: 584 daAuts
     D:5: 236 daAuts
